 Dungeon Crawl Stone Soup version 0.27-a0-1242-ge70438ac7b (webtiles) character file.

Game seed: 10861124198325633942

295 Ijustatesigmund the Chopper (level 6, -20/49 HPs)
             Began as a Demonspawn Fighter on June 9, 2021.
             Demolished by an ogre
             ... wielding a +0 giant spiked club
              (24 damage)
             ... on level 4 of the Dungeon.
             The game lasted 00:05:32 (4400 turns).

Ijustatesigmund the Chopper (Demonspawn Fighter)    Turns: 4400, Time: 00:05:32

Health: -20/49     AC:  9    Str: 17    XL:     6   Next: 11%
Magic:  6/6        EV:  6    Int:  9    God:
Gold:   57         SH:  9    Dex: 14    Spells: 5/5 levels left

rFire    . . .     SeeInvis .   a - +0 war axe
rCold    . . .     Faith    .   c - +0 kite shield
rNeg     . . .     Spirit   .   b - +0 scale mail
rPois    +         Reflect  .   (helmet restricted)
rElec    .         Harm     .   (no cloak)
rCorr    .         Rampage  .   (no gloves)
Will     .....                  f - +0 pair of boots
Stlth    ..........             (no amulet)
HPRegen  0.16/turn              i - ring of poison resistance
MPRegen  0.10/turn              (no ring)

@: no status effects
A: antennae 1, thin metallic scales 1, ignite blood 1, powered by pain 1
a: no special abilities


You were on level 4 of the Dungeon.
You visited 1 branch of the dungeon, and saw 4 of its levels.

You collected 57 gold pieces.

Inventory:

Hand Weapons
 a - a +0 war axe (weapon)
 d - a +0 morningstar
Armour
 b - a +0 scale mail (worn)
 c - a +0 kite shield (worn)
 f - a +0 pair of boots (worn)
Jewellery
 i - a ring of poison resistance (left hand)
Potions
 g - a potion of ambrosia
 h - a potion of mutation


   Skills:
 + Level 4.6 Fighting
 * Level 5.0 Axes
 - Level 2.6 Armour
 - Level 2.6 Shields


You had 5 spell levels left.
You didn't know any spells.
Your spell library contained the following spells:

 Spells                   Type           Power      Damage    Failure   Level
 Confusing Touch          Hex            0%         N/A       100%        3
 Gell's Gravitas          Tloc           0%         N/A       100%        3
 Petrify                  Tmut/Erth      0%         N/A       100%        4
 Metabolic Englaciation   Hex/Ice        0%         N/A       100%        5
 Yara's Violent Unravell  Hex/Tmut       0%         3d3       100%        5


Dungeon Overview and Level Annotations

Branches:
Dungeon (4/15)
 Temple: D:4-7

Altars:

Shops:
D:3 !

Annotations:
D:3 2 transporters, Johnny's ghost, amateur DEEE


Innate Abilities, Weirdness & Mutations

You have a pair of small antennae on your head.
You are partially covered in thin metallic scales. (AC +2)
Your demonic aura sometimes causes spilled blood to erupt in flames.
You sometimes gain a little power by taking damage.


Message History

You hit the ogre.
The ogre is lightly wounded.
The ogre hits you with a +0 giant spiked club!
You hit the ogre.
The ogre is moderately wounded.
The ogre hits you with a +0 giant spiked club!
You barely miss the ogre.
The ogre is moderately wounded.
You miss the kobold. The ogre hits you but does no damage.
The kobold drinks a potion.
The kobold seems to grow stronger.
You slash the ogre!
The ogre is severely wounded.
You barely miss the kobold. The kobold hits you with a +0 whip.
The ogre hits you with a +0 giant spiked club!
You are too injured to fight recklessly!
You are too injured to fight recklessly!
You are too injured to fight recklessly!
You are too injured to fight recklessly!
You are too injured to fight recklessly!
You are too injured to fight recklessly!
You are too injured to fight recklessly!
You barely miss the ogre.
The ogre is severely wounded.
You hit the kobold.
You kill the kobold!
The ogre hits you with a +0 giant spiked club!
* * * LOW HITPOINT WARNING * * *
Your Axes skill increases to level 5!
You closely miss the ogre.
The ogre is severely wounded.
The ogre barely misses you.
You hit the ogre.
The ogre is severely wounded.
You block the ogre's attack.
You hit the ogre.
The ogre is almost dead.
The ogre hits you with a +0 giant spiked club!
* * * LOW HITPOINT WARNING * * *
The ogre hits you with a +0 giant spiked club!!
You die...

..........#
#.........#
##.........#
##..........#
#...........#
#.......$....
#............
#>...@O....# .
#..>)).....# .
..#
##...........
... .
#.........##
...
.............
..#
............##
..
..#..........#
# #.
..#..........#
#.###. #.....


You could see an ogre.

Vanquished Creatures
  4 orc priests (D:3)
  2 orc wizards (D:3)
  Robin (D:2)
  An adder (D:2)
  An ufetubus (D:3)
  A worm (D:3)
  A dart slug (D:1)
  8 orcs (D:3)
  7 endoplasms
  5 giant cockroaches
  21 goblins
  4 hobgoblins
  8 jackals
  6 kobolds
  2 quokkas
  3 ball pythons
  5 bats
  3 frilled lizards
  6 rats
89 creatures vanquished.

Vanquished Creatures (others)
  8 plants (D:1)
  10 withered plants (D:1)
18 creatures vanquished.

Grand Total: 107 creatures vanquished

Notes
Turn   | Place    | Note
-------+----------+-------------------------------------------
     0 | D:1      | Ijustatesigmund the Demonspawn Fighter began the quest for
                  | the Orb.
     0 | D:1      | Reached XP level 1. HP: 18/18 MP: 1/1
    79 | D:1      | Reached skill level 2 in Axes
   222 | D:1      | Gained mutation: You sometimes gain a little power by
                  | taking damage. [demonic ancestry]
   222 | D:1      | Reached XP level 2. HP: 19/24 MP: 2/2
   724 | D:1      | Found a faded altar of an unknown god.
  1369 | D:1      | Gained mutation: You are partially covered in thin metallic
                  | scales. (AC +2) [demonic ancestry]
  1369 | D:1      | Reached XP level 3. HP: 29/29 MP: 3/3
  1652 | D:2      | Reached skill level 3 in Axes
  1685 | D:2      | Noticed Robin
  1692 | D:2      | Killed Robin
  1880 | D:2      | Gained mutation: You have a pair of small antennae on your
                  | head. [demonic ancestry]
  1880 | D:2      | Reached XP level 4. HP: 32/37 MP: 4/4
  2238 | D:3      | Found a transporter.
  2241 | D:3      | Noticed Johnny's ghost (amateur DEEE)
  2611 | D:3      | Reached skill level 4 in Axes
  2613 | D:3      | Reached XP level 5. HP: 5/42 MP: 5/5
  2799 | D:3      | Found a transporter.
  3179 | D:3      | Found Qukkoph's Distillery.
  3461 | D:4      | Noticed an ogre
  3566 | D:4      | Noticed an ice beast
  4187 | D:3      | Gained mutation: Your demonic aura sometimes causes spilled
                  | blood to erupt in flames. [demonic ancestry]
  4187 | D:3      | Reached XP level 6. HP: 17/49 MP: 6/6
  4398 | D:4      | Reached skill level 5 in Axes
  4400 | D:4      | Demolished by an ogre

Illustrated notes

Levels and vault maps discovered:
D:1:      beargit_arrival_diablo_church, layout_loops_ring,
          shapermc_ecumenical_altar_flowoftime, serial_co_window_serial,
          co_window_paths_a, co_window_paths_a, co_window_corner_a,
          co_window_paths_b, co_window_corner_a, co_window_corner_cb,
          co_window_broadway_a, co_window_2corner, co_window_of_opportunity_b,
          co_window_corner_ca, co_window_paths_d, glass_columns_b
D:2:      layout_rooms, uniq_robin
D:3:      layout_basic, serial_shops, shop_statue, gammafunk_ghost_stat_death,
          wad_orctagon
D:4:      layout_rooms

Skill      XL: |  1  2  3  4  5  6 |
---------------+-------------------+-----
Axes           | 2 3 4 5 |  5.0
Fighting       | 4 |  4.6
Armour         | |  2.6
Shields        | |  2.6

Action                   |  1- 3 |  4- 6 || total
-------------------------+-------+-------++-------
Melee: War axe           |   160 |   105 ||   265
  Use: Scroll            |     3 |     3 ||     6
       Potion            |       |     2 ||     2
Armor: Scale mail        |   101 |    63 ||   164
Dodge: Dodged            |    51 |    28 ||    79
Block: Kite shield       |    93 |    63 ||   156

Table legend: (Time is in decaauts)
 A = Elapsed time spent in this place.
 B = Non-inter-level travel time spent in this place.
 C = Inter-level travel time spent in this place.
 D = Time resting spent in this place.
 E = Time spent auto-exploring this place.
 F = Levels seen in this place.
 G = Mean time per level.
                   A        B        C        D        E       F      G
               +--------+--------+--------+--------+--------+-----+--------+
         Total |   4558 |   4491 |     67 |   1182 |   2525 |   4 | 1139.5 |
       Dungeon |   4558 |   4491 |     67 |   1182 |   2525 |   4 | 1139.5 |
               +--------+--------+--------+--------+--------+-----+--------+

Top non-repeatable levels by time:
     D:3: 2141 daAuts
     D:1: 1804 daAuts
     D:2: 447 daAuts
     D:4: 164 daAuts
